 Dungeon Crawl Stone Soup version 0.31-a0-163-gb40cd77e26 (webtiles) character file.

Game seed: 15211679170454607575

7473 qw the Skirmisher (level 11, -16/103 HPs)
             Began as a Naga Hunter on June 13, 2023.
             Was a Priest of Okawaru.
             Demolished by a death yak (20 damage)
             ... on level 9 of the Dungeon.
             The game lasted 00:02:58 (10195 turns).

qw the Skirmisher (Naga Hunter)                    Turns: 10195, Time: 00:02:59

Health: -16/103    AC: 11    Str: 13    XL:     11   Next: 15%
Magic:  14/14      EV: 15    Int:  9    God:    Okawaru [***...]
Gold:   605        SH:  0    Dex: 18    Spells: 10/10 levels left

rFire   + . .        m - +0 longbow
rCold   + . .        (shield currently unavailable)
rNeg    . . .        a - +3 leather armour {rF+}
rPois   +            (helmet restricted)
rElec   .            (no cloak)
rCorr   .            n - +1 pair of gloves
SInv    +            (no barding)
Will    ++...        (no amulet)
Stlth   +++          d - ring of willpower
HPRegen 0.37/turn    e - ring of protection from cold
MPRegen 0.14/turn

%: no passive effects
@: lethally poisoned (-16 -> -23), about to teleport, short of breath, heroic,
very slow
A: AC +3, large, see invisible, deformed body, poison resistance, slowness 2,
spit poison 2, naga tail 1, horns 1, clumsy 1, sturdy frame 1
a: Breathe Poison Gas, Renounce Religion, Heroism


You were on level 9 of the Dungeon.
You worshipped Okawaru.
Okawaru was most pleased with you.
You visited 3 branches of the dungeon, and saw 11 of its levels.

You collected 605 gold pieces.


Innate Abilities, Weirdness & Mutations

Your serpentine skin is tough. (AC +3)
You have supernaturally acute eyesight. (SInv)
Armour fits poorly on your strangely shaped body.
Your system is resistant to poisons. (rPois)
You cover ground very slowly.
You can exhale a cloud of poison.
You have a snake-like lower body.
You have a pair of small horns on your head.
You are clumsy. (Dex -2)
Your movements are slightly less encumbered by armour. (ER -2)


   Skills:
 - Level 8.1(13.1) Fighting
 + Level 12.5(17.5) Ranged Weapons
 - Level 1.3(6.3) Armour
 - Level 4.5(9.5) Dodging
 - Level 1.5(6.5) Stealth
 - Level 5.0 Invocations


You had 10 spell levels left.
You didn't know any spells.
Your spell library was empty.

Inventory:

Hand Weapons
 m - a +0 longbow (weapon)
Armour
 a - a +3 leather armour of fire resistance (worn)
 g - a +2 robe of resistance
 n - a +1 pair of gloves (worn)
Jewellery
 d - a ring of willpower (left hand)
 e - a ring of protection from cold (right hand)
 Y - a +6 ring of strength
Scrolls
 j - 3 scrolls of identify
Potions
 c - a potion of heal wounds
 f - 2 potions of mutation
 h - a potion of haste
 i - a potion of curing
 k - a potion of might
 l - a potion of cancellation
 o - a potion of resistance

Dungeon Overview and Level Annotations

Branches:
Dungeon (9/15)             Temple (1/1) D:6            Lair (1/5) D:9
    Orc: D:9-12

Altars:
Ashenzari
Cheibriados
Dithmenos
Elyvilon
Fedhas
Gozag
Hepliaklqana
Kikubaaqudgha
Makhleb
Nemelex Xobeh
Okawaru
Qazlal
Ru
Trog
Uskayaw
Vehumet
Wu Jian
Xom
Yredelemnul
Zin
The Shining One

Annotations:
D:8 2 transporters, qw's ghost, novice NaHu


Message History

Enter note:
Enter note:
Enter note:
Enter note:
Enter note:
Enter note:
Enter note:
Enter note:
Enter note:
Enter note:
Enter note:
Enter note:
Enter note:
Enter note:
Enter note:
Enter note:
Enter note:
Enter note:
Enter note:
Enter note:
Enter note:
Enter note:
Enter note: You shoot an arrow.
The arrow hits the death yak but does no damage.
The death yak is heavily wounded.
The water moccasin bites you but does no damage.
The black mamba bites you.
The death yak gores you but does no damage.
The death yak gores you! The water moccasin bites you.
You are lethally poisoned!
The water moccasin poisons you!
10195 ||| READING scroll of teleportation.
As you read the scroll of teleportation, it crumbles to dust.
You feel strangely unstable.
You feel very sick. The black mamba bites you.
The water moccasin bites you but does no damage.
The black mamba misses you. The death yak gores you!!
You die...

#######'###############...
#..................#######
#..#####...###..#..#......
####....##.....##.....#######
#...#####..P....##'##########
#.#.+...#.P.}P..#............
#.#.#........................
##...##'#...S.Y...'###########
#............@...........#####
#.....#.....SY.........#.#....
#........................###..
###....#####.....P.#####.....#..
##......# #....P..# #.###.'..
.#.####.# ##.....## #..>..###
.#.####.#######...#############
# ##......#...#.##.#.....# #
........###'#....#+##########
###


You could see 2 death yaks, a black mamba and a water moccasin.

Vanquished Creatures
  Gastronok (D:8)
  Erica (D:8)
  A death yak (Lair:1)
  A manticore (D:8)
  An elephant (D:9)
  Sigmund (D:5)
  A wyvern (D:7)
  5 yaks (D:9)
  A steam dragon (D:8)
  Menkaure (D:5)
  Duvessa (D:5)
  3 water moccasins
  3 orc warriors
  An ogre (D:4)
  2 black bears (D:9)
  5 centaurs
  5 bullfrogs
  A scorpion (D:6)
  4 wights (D:9)
  Dowan (D:5)
  5 killer bees (D:7)
  4 howler monkeys
  2 hounds
  5 jellies
  3 orc priests
  2 gnoll boudas
  5 orc wizards
  2 sleepcaps
  An iguana (D:5)
  Ijyb (D:3)
  16 gnolls
  8 adders
  A white imp (D:6)
  2 ufetubi (D:7)
  2 worms
  5 dart slugs
  26 orcs
  7 endoplasms
  6 giant cockroaches
  5 goblins
  10 hobgoblins
  3 jackals (D:4)
  5 quokkas
  7 ball pythons
  4 bats
  2 frilled lizards (D:1)
  7 kobolds
  3 rats
189 creatures vanquished.

Notes
Turn   | Place    | Note
-------+----------+-------------------------------------------
     0 | D:1      | qw the Naga Hunter began the quest for the Orb.
     0 | D:1      | Reached XP level 1. HP: 19/19 MP: 1/1
     0 | D:1      | 0 ||| qw: Version: 0.2-a-29-gc1b59c4
     0 | D:1      | 0 ||| qw: Game counter: 4442
     0 | D:1      | 0 ||| qw: Always use a shield: true
     0 | D:1      | 0 ||| qw: God list: Okawaru
     0 | D:1      | 0 ||| qw: Allow faded altars: false
     0 | D:1      | 0 ||| qw: Do Orc after D:15 true
     0 | D:1      | 0 ||| qw: Do second Lair branch before Depths: true
     0 | D:1      | 0 ||| qw: Lair rune preference: random
     0 | D:1      | 0 ||| qw: Plans: Normal
     0 | D:1      | 0 ||| PLANNING D:1-11
    20 | D:1      | 20 ||| INVOKING Spit Poison.
    60 | D:1      | 60 ||| INVOKING Spit Poison.
    62 | D:1      | Reached skill level 4 in Ranged Weapons
    62 | D:1      | Reached XP level 2. HP: 26/26 MP: 2/2
    66 | D:1      | 66 ||| INVOKING Spit Poison.
    93 | D:1      | 93 ||| INVOKING Spit Poison.
   123 | D:1      | 123 ||| INVOKING Spit Poison.
   228 | D:1      | 228 ||| INVOKING Spit Poison.
   481 | D:1      | 481 ||| INVOKING Spit Poison.
   483 | D:1      | Reached XP level 3. HP: 32/32 MP: 3/3
   520 | D:1      | 520 ||| INVOKING Spit Poison.
   529 | D:1      | 529 ||| INVOKING Spit Poison.
   618 | D:1      | 618 ||| INVOKING Spit Poison.
   622 | D:1      | 622 ||| INVOKING Spit Poison.
   627 | D:1      | 627 ||| INVOKING Spit Poison.
   635 | D:1      | 635 ||| INVOKING Spit Poison.
   641 | D:1      | 641 ||| INVOKING Spit Poison.
   647 | D:1      | 647 ||| INVOKING Spit Poison.
   717 | D:1      | 717 ||| READING scroll labelled AMOHUU OZIUGYRGH.
   718 | D:1      | 718 ||| READING scroll labelled SUEGGOCL YJONE.
   719 | D:1      | 719 ||| READING 2 scrolls labelled DIDGHA YKINK.
   724 | D:1      | 724 ||| READING scroll labelled FICITA NYAL.
   725 | D:1      | 725 ||| DROPPING scroll of butterflies.
   756 | D:2      | 756 ||| INVOKING Spit Poison.
   759 | D:2      | 759 ||| INVOKING Spit Poison.
   762 | D:2      | 762 ||| INVOKING Spit Poison.
   797 | D:2      | 797 ||| INVOKING Spit Poison.
   818 | D:2      | 818 ||| INVOKING Spit Poison.
   828 | D:2      | 828 ||| INVOKING Spit Poison.
   867 | D:2      | 867 ||| INVOKING Spit Poison.
   873 | D:2      | 873 ||| INVOKING Spit Poison.
   874 | D:2      | Reached skill level 5 in Ranged Weapons
   874 | D:2      | Reached XP level 4. HP: 29/39 MP: 4/4
   943 | D:2      | 943 ||| INVOKING Spit Poison.
   947 | D:2      | 947 ||| INVOKING Spit Poison.
   952 | D:2      | 952 ||| INVOKING Spit Poison.
   955 | D:2      | 955 ||| INVOKING Spit Poison.
   971 | D:2      | Found a glowing silver altar of Zin.
   972 | D:2      | 972 ||| INVOKING Spit Poison.
   978 | D:2      | 978 ||| INVOKING Spit Poison.
  1029 | D:2      | 1029 ||| INVOKING Spit Poison.
  1083 | D:2      | 1083 ||| INVOKING Spit Poison.
  1088 | D:2      | 1088 ||| INVOKING Spit Poison.
  1093 | D:2      | 1093 ||| INVOKING Spit Poison.
  1321 | D:2      | 1321 ||| UPGRADING to amulet of guardian spirit.
  1326 | D:2      | 1326 ||| UPGRADING to ring of willpower.
  1327 | D:2      | 1327 ||| READING 2 scrolls labelled UQOIMM KAAM.
  1328 | D:2      | 1328 ||| READING scroll labelled EBBILIPT ECVU.
  1329 | D:2      | 1329 ||| READING scroll labelled MISIH MU AHOU.
  1330 | D:2      | 1330 ||| DRINKING 2 smoky emerald potions.
  1330 | D:2      | Gained mutation: You have a pair of small horns on your
                  | head. [potion of mutation]
  1330 | D:2      | Gained mutation: You are clumsy. (Dex -2) [potion of
                  | mutation]
  1330 | D:2      | Gained mutation: You can exhale a cloud of poison. [potion
                  | of mutation]
  1330 | D:2      | Gained mutation: Your movements are slightly less
                  | encumbered by armour. (ER -2) [potion of mutation]
  1331 | D:2      | 1331 ||| DRINKING 2 smoky yellow potions.
  1372 | D:2      | 1372 ||| DROPPING scroll of blinking.
  1373 | D:2      | 1373 ||| DROPPING potion of lignification.
  1409 | D:3      | Noticed Ijyb
  1410 | D:3      | 1410 ||| INVOKING Breathe Poison Gas.
  1412 | D:3      | Killed Ijyb
  1413 | D:3      | Reached skill level 3 in Fighting
  1446 | D:3      | 1446 ||| INVOKING Breathe Poison Gas.
  1503 | D:3      | 1503 ||| SWAPPING to +0 orcbow.
  1504 | D:3      | 1504 ||| DROPPING +0 shortbow.
  1517 | D:3      | 1517 ||| INVOKING Breathe Poison Gas.
  1531 | D:3      | 1531 ||| INVOKING Breathe Poison Gas.
  1532 | D:3      | Reached XP level 5. HP: 49/49 MP: 5/5
  1543 | D:3      | HP: 12/49 [gnoll/+0 spear (3)]
  1544 | D:3      | 1544 ||| READING 2 scrolls of teleportation.
  1544 | D:3      | HP: 5/49 [gnoll/+0 flail (5)]
  1907 | D:3      | 1907 ||| INVOKING Breathe Poison Gas.
  1908 | D:3      | 1908 ||| INVOKING Breathe Poison Gas.
  1945 | D:3      | 1945 ||| INVOKING Breathe Poison Gas.
  2012 | D:3      | 2012 ||| INVOKING Breathe Poison Gas.
  2149 | D:3      | 2149 ||| INVOKING Breathe Poison Gas.
  2208 | D:3      | 2208 ||| INVOKING Breathe Poison Gas.
  2229 | D:3      | 2229 ||| UPGRADING to +6 ring of strength.
  2230 | D:3      | 2230 ||| DRINKING 2 puce potions.
  2249 | D:4      | 2249 ||| INVOKING Breathe Poison Gas.
  2252 | D:4      | Noticed an ogre
  2258 | D:4      | Killed an ogre
  2259 | D:4      | Reached skill level 6 in Ranged Weapons
  2259 | D:4      | Reached XP level 6. HP: 56/56 MP: 6/6
  2326 | D:4      | 2326 ||| INVOKING Breathe Poison Gas.
  2327 | D:4      | 2327 ||| Stepping ~*~*~tactically~*~*~ (outnumbered).
  2335 | D:4      | 2335 ||| INVOKING Breathe Poison Gas.
  2361 | D:4      | 2361 ||| INVOKING Breathe Poison Gas.
  2394 | D:4      | 2394 ||| INVOKING Breathe Poison Gas.
  2432 | D:4      | 2432 ||| SWAPPING to +0 longbow.
  2433 | D:4      | 2433 ||| INVOKING Breathe Poison Gas.
  2434 | D:4      | 2434 ||| DROPPING +0 orcbow.
  2446 | D:4      | 2446 ||| INVOKING Breathe Poison Gas.
  2466 | D:4      | 2466 ||| INVOKING Breathe Poison Gas.
  2525 | D:4      | 2525 ||| INVOKING Breathe Poison Gas.
  2816 | D:4      | 2816 ||| INVOKING Breathe Poison Gas.
  2929 | D:4      | 2929 ||| INVOKING Breathe Poison Gas.
  3020 | D:4      | Found a basalt altar of Yredelemnul.
  3027 | D:4      | Found a sacrificial altar of Ru.
  3028 | D:4      | Found a sparkling altar of Nemelex Xobeh.
  3155 | D:4      | 3155 ||| INVOKING Breathe Poison Gas.
  3184 | D:4      | 3184 ||| UPGRADING to +0 pair of gloves.
  3189 | D:4      | 3189 ||| DROPPING scarf of harm.
  3190 | D:4      | 3190 ||| READING scroll labelled TAHONU WUUSILE.
  3191 | D:4      | 3191 ||| READING scroll labelled FEMPO EMIMPULI.
  3192 | D:4      | 3192 ||| DRINKING 2 blue potions.
  3193 | D:4      | 3193 ||| DRINKING 2 fuming black potions.
  3194 | D:4      | 3194 ||| DRINKING 2 bubbling red potions.
  3195 | D:4      | 3195 ||| READING 2 scrolls of identify.
  3195 | D:4      | 3195 ||| IDENTIFYING orange potion
  3196 | D:4      | 3196 ||| DROPPING potion of enlightenment.
  3197 | D:4      | 3197 ||| DROPPING potion of degeneration.
  3243 | D:5      | Entered Level 5 of the Dungeon
  3258 | D:5      | 3258 ||| INVOKING Breathe Poison Gas.
  3260 | D:5      | Reached XP level 7. HP: 64/64 MP: 7/7
  3281 | D:5      | 3281 ||| INVOKING Breathe Poison Gas.
  3390 | D:5      | Found a shadowy altar of Dithmenos.
  3439 | D:5      | Noticed Duvessa
  3440 | D:5      | 3440 ||| INVOKING Breathe Poison Gas.
  3440 | D:5      | Noticed Dowan
  3451 | D:5      | 3451 ||| INVOKING Breathe Poison Gas.
  3451 | D:5      | Killed Duvessa
  3452 | D:5      | Reached skill level 7 in Ranged Weapons
  3452 | D:5      | Killed Dowan
  3453 | D:5      | HP: 15/64 [acid (6)]
  3454 | D:5      | 3454 ||| READING scroll of teleportation.
  3454 | D:5      | HP: 5/64 [acid (9)]
  3455 | D:5      | 3455 ||| DRINKING potion of heal wounds.
  3734 | D:5      | Found an ornate altar of the Wu Jian Council.
  3800 | D:5      | 3800 ||| INVOKING Breathe Poison Gas.
  3855 | D:5      | 3855 ||| INVOKING Breathe Poison Gas.
  3860 | D:5      | 3860 ||| INVOKING Breathe Poison Gas.
  3875 | D:5      | 3875 ||| INVOKING Breathe Poison Gas.
  3936 | D:5      | 3936 ||| Stepping ~*~*~tactically~*~*~ (outnumbered).
  3938 | D:5      | 3938 ||| Stepping ~*~*~tactically~*~*~ (outnumbered).
  3939 | D:5      | 3939 ||| INVOKING Breathe Poison Gas.
  4060 | D:5      | Noticed Sigmund
  4061 | D:5      | 4061 ||| INVOKING Breathe Poison Gas.
  4064 | D:5      | Killed Sigmund
  4065 | D:5      | Reached skill level 8 in Ranged Weapons
  4065 | D:5      | Reached XP level 8. HP: 72/72 MP: 8/8
  4095 | D:5      | Noticed Menkaure
  4098 | D:5      | HP: 12/72 [Menkaure/nerve-wracking pain (12)]
  4102 | D:5      | Killed Menkaure
  4403 | D:5      | 4403 ||| INVOKING Breathe Poison Gas.
  4477 | D:5      | 4477 ||| UPGRADING to +3 leather armour of fire resistance.
  4487 | D:5      | 4487 ||| DROPPING +0 leather armour.
  4488 | D:5      | 4488 ||| READING scroll labelled XANOSHR BEAFRYR.
  4600 | D:6      | Identified the +1 quarterstaff of Fiad {freeze, rElec rC+
                  | Int+4}
  4711 | D:6      | 4711 ||| INVOKING Breathe Poison Gas.
  4741 | D:6      | 4741 ||| INVOKING Breathe Poison Gas.
  4793 | D:6      | 4793 ||| INVOKING Breathe Poison Gas.
  5053 | D:6      | Found a staircase to the Ecumenical Temple.
  5054 | D:6      | 5054 ||| PLANNING TEMPLE
  5062 | D:6      | Reached skill level 9 in Ranged Weapons
  5065 | Temple   | Entered the Ecumenical Temple
  5291 | Temple   | 5291 ||| PLANNING OKAWARU WORSHIP
  5386 | Temple   | Became a worshipper of Warmaster Okawaru
  5386 | Temple   | 5386 ||| PLANNING D:1-11
  5387 | Temple   | 5387 ||| REMOVING amulet of guardian spirit.
  5392 | Temple   | 5392 ||| DROPPING amulet of guardian spirit.
  5600 | D:6      | 5600 ||| INVOKING Breathe Poison Gas.
  5905 | D:6      | 5905 ||| DRINKING 2 purple potions.
  5959 | D:7      | 5959 ||| INVOKING Breathe Poison Gas.
  5961 | D:7      | Reached skill level 1 in Armour
  6104 | D:7      | 6104 ||| INVOKING Breathe Poison Gas.
  6106 | D:7      | Reached skill level 6 in Fighting
  6119 | D:7      | Reached XP level 9. HP: 36/82 MP: 9/9
  6121 | D:7      | HP: 17/82 [killer bee (4)]
  6122 | D:7      | 6122 ||| READING scroll of teleportation.
  6122 | D:7      | HP: 8/82 [killer bee (2)]
  6124 | D:7      | HP: 3/82 [killer bee (3)]
  6262 | D:7      | 6262 ||| INVOKING Breathe Poison Gas.
  6296 | D:7      | 6296 ||| INVOKING Breathe Poison Gas.
  6324 | D:7      | 6324 ||| INVOKING Breathe Poison Gas.
  6364 | D:7      | 6364 ||| INVOKING Breathe Poison Gas.
  6370 | D:7      | Reached skill level 3 in Dodging
  6388 | D:7      | 6388 ||| INVOKING Breathe Poison Gas.
  6414 | D:7      | 6414 ||| INVOKING Breathe Poison Gas.
  6528 | D:7      | 6528 ||| INVOKING Breathe Poison Gas.
  6572 | D:7      | 6572 ||| INVOKING Breathe Poison Gas.
  6638 | D:7      | 6638 ||| READING scroll of enchant armour.
  6638 | D:7      | 6638 ||| ENCHANTING +0 pair of gloves.
  6795 | D:7      | Found a hazy altar of Hepliaklqana.
  6973 | D:7      | 6973 ||| INVOKING Breathe Poison Gas.
  6975 | D:7      | Reached * piety under Okawaru
  7049 | D:7      | 7049 ||| INVOKING Breathe Poison Gas.
  7061 | D:7      | Reached skill level 10 in Ranged Weapons
  7061 | D:7      | Reached skill level 1 in Invocations
  7090 | D:7      | 7090 ||| INVOKING Heroism.
  7091 | D:7      | 7091 ||| INVOKING Breathe Poison Gas.
  7547 | D:7      | 7547 ||| DROPPING +0 leather armour of positive energy.
  7548 | D:7      | 7548 ||| READING 2 scrolls of identify.
  7548 | D:7      | 7548 ||| IDENTIFYING grey potion
  7549 | D:7      | 7549 ||| DROPPING potion of brilliance.
  7608 | D:8      | 7608 ||| INVOKING Breathe Poison Gas.
  7669 | D:8      | Found a glowing silver altar of Zin.
  7676 | D:8      | 7676 ||| INVOKING Breathe Poison Gas.
  7691 | D:8      | 7691 ||| INVOKING Breathe Poison Gas.
  7809 | D:8      | 7809 ||| INVOKING Breathe Poison Gas.
  7834 | D:8      | Found a blossoming altar of Fedhas.
  7843 | D:8      | 7843 ||| INVOKING Breathe Poison Gas.
  7844 | D:8      | 7844 ||| INVOKING Heroism.
  7950 | D:8      | 7950 ||| INVOKING Breathe Poison Gas.
  7966 | D:8      | 7966 ||| INVOKING Breathe Poison Gas.
  8004 | D:8      | 8004 ||| INVOKING Heroism.
  8006 | D:8      | 8006 ||| INVOKING Breathe Poison Gas.
  8045 | D:8      | 8045 ||| INVOKING Heroism.
  8046 | D:8      | 8046 ||| INVOKING Breathe Poison Gas.
  8074 | D:8      | Noticed Erica
  8076 | D:8      | 8076 ||| INVOKING Breathe Poison Gas.
  8079 | D:8      | Killed Erica
  8080 | D:8      | Reached skill level 11 in Ranged Weapons
  8080 | D:8      | Reached XP level 10. HP: 86/94 MP: 11/11
  8120 | D:8      | 8120 ||| INVOKING Breathe Poison Gas.
  8122 | D:8      | Reached ** piety under Okawaru
  8150 | D:8      | Identified the +7 whip of the Hurtling Traitor {vamp,
                  | rPois}
  8356 | D:8      | Found a transporter.
  8356 | D:8      | Found a transporter.
  8361 | D:8      | Identified the +6 spear of Honour {venom, rElec rCorr
                  | Dex-2}
  8361 | D:8      | Identified the +0 kite shield of Veduegaq {rC++ Dex-4}
  8375 | D:8      | Noticed qw's ghost (novice NaHu)
  8389 | D:8      | You fall into a shaft and drop 1 floor!
  8436 | D:9      | 8436 ||| UPGRADING to +2 robe of resistance.
  8446 | D:9      | 8446 ||| UPGRADING to ring of protection from cold.
  8448 | D:9      | 8448 ||| UPGRADING to +3 leather armour of fire resistance.
  8507 | D:8      | Noticed a manticore
  8508 | D:8      | 8508 ||| INVOKING Heroism.
  8510 | D:8      | 8510 ||| INVOKING Breathe Poison Gas.
  8517 | D:8      | Killed a manticore
  8518 | D:8      | Reached skill level 3 in Invocations
  8547 | D:8      | Noticed Gastronok
  8548 | D:8      | 8548 ||| INVOKING Heroism.
  8549 | D:8      | 8549 ||| INVOKING Breathe Poison Gas.
  8564 | D:8      | Killed Gastronok
  8564 | D:8      | Reached *** piety under Okawaru
  8602 | D:8      | 8602 ||| INVOKING Heroism.
  8603 | D:8      | 8603 ||| INVOKING Breathe Poison Gas.
  8748 | D:8      | Identified the ring of Joush {Wiz Str+2}
  8846 | D:8      | Found a glowing golden altar of the Shining One.
  8916 | D:9      | 8916 ||| INVOKING Breathe Poison Gas.
  9075 | D:9      | 9075 ||| INVOKING Breathe Poison Gas.
  9422 | D:9      | 9422 ||| INVOKING Breathe Poison Gas.
  9422 | D:9      | Noticed an elephant
  9427 | D:9      | Found a staircase to the Lair.
  9430 | D:9      | Killed an elephant
  9435 | D:9      | 9435 ||| INVOKING Heroism.
  9813 | D:9      | 9813 ||| INVOKING Breathe Poison Gas.
  9822 | D:9      | Reached XP level 11. HP: 101/103 MP: 14/14
  9827 | D:9      | Reached skill level 12 in Ranged Weapons
  9830 | D:9      | 9830 ||| INVOKING Heroism.
  9833 | D:9      | 9833 ||| INVOKING Breathe Poison Gas.
 10143 | D:9      | 10143 ||| PLANNING LAIR
 10143 | D:9      | 10143 ||| DRINKING 2 golden potions.
 10144 | D:9      | 10144 ||| READING 4 scrolls of identify.
 10144 | D:9      | 10144 ||| IDENTIFYING white potion
 10179 | Lair:1   | Entered Level 1 of the Lair of Beasts
 10179 | Lair:1   | Noticed a death yak
 10179 | Lair:1   | Noticed a death yak
 10179 | Lair:1   | Noticed a death yak
 10180 | Lair:1   | 10180 ||| INVOKING Heroism.
 10181 | Lair:1   | 10181 ||| INVOKING Breathe Poison Gas.
 10190 | Lair:1   | Killed a death yak
 10192 | Lair:1   | 10192 ||| STAIRDANCE
 10194 | D:9      | HP: 12/103 [death yak (14)]
 10195 | D:9      | 10195 ||| READING scroll of teleportation.
 10195 | D:9      | HP: 5/103 [poisoned by a water moccasin]
 10195 | D:9      | Demolished by a death yak

Levels and vault maps discovered:
D:1:      dpeg_arrival_erosion, layout_basic
D:2:      layout_rooms, basic_altar
D:3:      layout_basic, uniq_ijyb
D:4:      layout_basic, minitemple, serial_bayou, serial_bayou_lake_a,
          serial_bayou_ford_a, serial_bayou_pond_c, serial_bayou_shore_b,
          minmay_misc_feat_cross
D:5:      layout_loops_corners, mainiacjoe_overflow_surrounded_room,
          nicolae_dithmenos_through_a_glass_darkly, grunt_decor_fettered,
          kennysheep_generic_room_4, uniq_menkaure, uniq_sigmund, uniq_duvessa
D:6:      layout_basic, minmay_temple_entry_sparse_star
D:7:      layout_layer_cave, worldfamousw_hep_ancestral_shrine
D:8:      layout_basic, mainiacjoe_overflow_cross_hatched, kennysheep_mini,
          fedhas_bush_and_centaur_altar, gammafunk_ghost_gnarly_gnolls,
          uniq_erica, uniq_gastronok
D:9:      layout_stronghold, david_lair_generic
Temple:   minmay_temple_forest_path
Lair:1:   beast_lair_carwin_large_2, layout_cave_shapes, lemuel_fruit_tree

Skill      XL: |  1  2  3  4  5  6  7  8  9 10 11 |
---------------+----------------------------------+-----
Ranged Weapons | 4 5 6 8 9 11 12 | 12.5
Fighting       | 3 4 6 7 8 |  8.1
Dodging        | 2 3 4 |  4.5
Armour         | 1 |  1.3
Invocations    | 2 5 |  5.0
Stealth        | |  1.5

Action                     |  1- 3 |  4- 6 |  7- 9 | 10-12 || total
---------------------------+-------+-------+-------+-------++-------
   Fire: Shortbow          |    63 |    29 |       |       ||    92
         Orcbow            |       |    53 |       |       ||    53
         Longbow           |       |    20 |   187 |   105 ||   312
 Invoke: Heroism           |       |       |     4 |     6 ||    10
Ability: Spit Poison       |    23 |    10 |       |       ||    33
         Breathe Poison Ga |       |    22 |    37 |    10 ||    69
    Use: Scroll            |     4 |     7 |     5 |     2 ||    18
         Potion            |       |     6 |     2 |     1 ||     9
 Armour: Leather armour    |     2 |     3 |    39 |    46 ||    90
  Dodge: Dodged            |     5 |    28 |    85 |    46 ||   164

Table legend:
 A = Non-vault XP
 B = Vault XP
 C = Vault XP percentage of total XP
 D = Non-vault monster count
 E = Vault monster count
 F = Vault count percentage of total count
                 A         B        C        D         E       F
            +---------+---------+-------+---------+---------+-------
      Total |    6653 |    4024 |  37.7 |     176 |      13 |   6.9
            +---------+---------+-------+---------+---------+-------
        D:1 |      51 |       0 |   0.0 |      27 |       0 |   0.0
        D:2 |      71 |       0 |   0.0 |      20 |       0 |   0.0
        D:3 |      89 |      35 |  28.2 |      13 |       1 |   7.1
        D:4 |     353 |       0 |   0.0 |      27 |       0 |   0.0
        D:5 |     330 |     679 |  67.3 |      16 |       5 |  23.8
        D:6 |     341 |       0 |   0.0 |       8 |       0 |   0.0
        D:7 |    1426 |       0 |   0.0 |      32 |       0 |   0.0
        D:8 |    1409 |    2388 |  62.9 |      19 |       3 |  13.6
        D:9 |    1776 |     922 |  34.2 |      13 |       4 |  23.5
     Lair:1 |     807 |       0 |   0.0 |       1 |       0 |   0.0
            +---------+---------+-------+---------+---------+-------
